 Dungeon Crawl Stone Soup version 0.29.1-1-gd02db6906a (console) character file.

Game seed: 16003294483075543488

3 sentinel the Digger (level 1, 5/14 HPs)
             Began as a Meteoran Earth Elementalist on Oct 14, 2022.
             Quit the game on level 1 of the Dungeon.
             The game lasted 00:00:04 (31 turns).

sentinel the Digger (Meteoran Earth Elementalist)     Turns: 31, Time: 00:00:05

Health: 5/14       AC:  2    Str:  9    XL:     1   Next: 71%
Magic:  0/5        EV: 12    Int: 16    God:
Gold:   0          SH:  0    Dex: 14    Spells: 4/5 levels left

rFire   . . .      SeeInvis .   (no weapon)
rCold   . . .      Faith    .   (no shield)
rNeg    . . .      Spirit   .   a - +0 robe
rPois   .          Reflect  .   (no helmet)
rElec   .          Harm     .   (no cloak)
rCorr   .          Rampage  .   (no gloves)
Will    .....                   (no boots)
Stlth   +.........              (no amulet)
HPRegen 0.04/turn               (no ring)
MPRegen 0.09/turn               (no ring)

@: glowing
A: sense surroundings 1, otherworldly, glowing, explore regen
a: no special abilities


You were on level 1 of the Dungeon.
You visited 1 branch of the dungeon, and saw 1 of its levels.

Inventory:

Armour
 a - a +0 robe (worn)
Scrolls
 c - a scroll of amnesia {unknown}
Potions
 b - a potion of magic


   Skills:
 - Level 2.4 Dodging
 - Level 1.4 Stealth
 - Level 2.6 Spellcasting
 - Level 1.2 Transmutations
 + Level 3.9 Earth Magic


You had 4 spell levels left.
You knew the following spells:

 Your Spells              Type           Power      Damage    Failure   Level
a - Sandblast             Erth           28%        2d8       3%          1

Your spell library contained the following spells:

 Spells                   Type           Power      Damage    Failure   Level
 Passwall                 Tmut/Erth      8%         N/A       10%         2
 Stone Arrow              Conj/Erth      16%        3d8       26%         3
 Petrify                  Tmut/Erth      10%        N/A       54%         4


Dungeon Overview and Level Annotations

Branches:
Dungeon (1/15) Zot: 565

Altars:

Annotations:
D:1 1 runed translucent door


Innate Abilities, Weirdness & Mutations

You passively map a small area around you.
You are easily found by Zot.
You glow in the dark.
You regain HP and MP as you explore.


Message History

Unknown command.
But you're not safe!
Unknown command.
You barely miss the bat. The bat hits you but does no damage.
The bat barely misses you.
The giant cockroach waves its antennae.
You barely miss the bat. The bat hits you. The bat barely misses you.
The blast of sand hits the bat.
The bat is severely wounded.
The bat barely misses you. The bat hits you but does no damage.
The endoplasm jiggles.
Unknown command.
The blast of sand hits the bat.
You kill the bat!
Unknown command.
You can't see any susceptible monsters within range! (Use Z to cast anyway.) Unknown command.
You can't see any susceptible monsters within range! (Use Z to cast anyway.) Unknown command.
No reachable target in view!
No reachable target in view!
You can't see any susceptible monsters within range! (Use Z to cast anyway.) Unknown command.
You can't see any susceptible monsters within range! (Use Z to cast anyway.) Unknown command.
You can't see any susceptible monsters within range! (Use Z to cast anyway.) Unknown command.
You can't see any susceptible monsters within range! (Use Z to cast anyway.) Unknown command.
No reachable target in view!
No reachable target in view!
You can't see any susceptible monsters within range! (Use Z to cast anyway.) Unknown command.
You can't see any susceptible monsters within range! (Use Z to cast anyway.) Unknown command.
You can't see any susceptible monsters within range! (Use Z to cast anyway.) Unknown command.
You can't see any susceptible monsters within range! (Use Z to cast anyway.) Unknown command.
The rat twitches its whiskers.
There is an open door here.
A jackal comes into view.
The jackal barks!
The jackal moves out of view.
A jackal comes into view.
Unknown command.
But you're not safe!
Unknown command.
But you're not safe!
Unknown command.
But you're not safe!
Unknown command.
But you're not safe!
Unknown command.
The jackal barks!
You hear a bark!
A jackal comes into view.
The blast of sand hits the jackal!
You kill the jackal!
Unknown command.
The blast of sand hits the jackal.
The jackal is moderately wounded.
Unknown command.
The blast of sand hits the jackal!
You kill the jackal!
Unknown command.
The blast of sand misses the jackal.
The jackal bites you but does no damage.
The jackal barely misses you.
Unknown command.
You barely miss the jackal. The jackal bites you. x2
You hit the jackal but do no damage. The jackal bites you.
You are out of magic!
Unknown command.
You are out of magic!
Unknown command.
You are out of magic!
Unknown command.
You are out of magic!
Unknown command.
You hit the jackal but do no damage. The jackal misses you.
The jackal bites you.
You hit the jackal but do no damage. The jackal closely misses you.
You are out of magic!
Unknown command.
You are out of magic!
Unknown command.
You are out of magic!
Unknown command.
You are out of magic!
Unknown command.
But you're not safe!
Unknown command.
But you're not safe!
Unknown command.
But you're not safe!
Unknown command.
But you're not safe!
Unknown command.
But you're not safe!
Unknown command.
You hit the jackal but do no damage. The jackal barely misses you.
You completely miss the jackal. The jackal bites you. The jackal misses you.
You are out of magic!
Unknown command.
You are out of magic!
Unknown command.
You are out of magic!
Unknown command.
You are out of magic!
Unknown command.
You miss the jackal. The jackal barely misses you.
You hit the jackal but do no damage.
The jackal bites you but does no damage.
The jackal bites you.
You are out of magic!
Unknown command.
You are out of magic!
Unknown command.
You are out of magic!
Unknown command.
You are out of magic!
Unknown command.
You hit the jackal but do no damage. The jackal barely misses you.
You closely miss the jackal.
The jackal bites you but does no damage.
The blast of sand hits the jackal but does no damage.
The jackal closely misses you.
The jackal bites you but does no damage.
Unknown command.
You are out of magic!
Unknown command.
You are out of magic!
Unknown command.
You are out of magic!
Unknown command.
But you're not safe!
Unknown command.
But you're not safe!
Unknown command.
But you're not safe!
Unknown command.
But you're not safe!
Unknown command.
But you're not safe!
Unknown command.
Unknown command.
Unknown command.
Unknown command.
Unknown command.
Are you sure you want to abandon this character and quit the game? (Confirm with "yes".)

* , * #. #. * #.#..
, #.#.###########
#.#.#r.BJ...... #
#†..#JrBB...... ,B#
#.#.#rJJrr..... ..#
#.h.#######+#######
#@.#.......$.....#
#..'⌠....###....⌠+
#..#......<......#
##.#..⌠...>...⌠..#
#.###+#######+###
#.. , , , , ,, ,
#### * * ,


You could see a jackal.

Vanquished Creatures
  2 jackals (D:1)
  A bat (D:1)
3 creatures vanquished.

Notes
Turn   | Place    | Note
-------+----------+-------------------------------------------
     0 | D:1      | sentinel the Meteoran Earth Elementalist began the quest
                  | for the Orb.
     0 | D:1      | Reached XP level 1. HP: 14/14 MP: 5/5
     0 | D:1      | Noticed a jelly
     2 | D:1      | Found a runed translucent door.
    31 | D:1      | Quit the game

Illustrated notes

Levels and vault maps discovered:
D:1:      dpeg_arrival_caged_fury, layout_rooms, minmay_misc_feat_enclosed

Action                   || total
-------------------------++-------
Melee: Unarmed           ||    12
 Cast: Sandblast         ||     7
Armor: Robe              ||     7
Dodge: Dodged            ||    11
